 Dungeon Crawl Stone Soup version 0.30.0-17-ge0270778cf (webtiles) character file.

Game seed: 8394955746307901347

1747 Jeuin the Scholar of Death (level 9, -1/67 HPs)
             Began as a Human Necromancer on May 22, 2023.
             Was a Follower of Kikubaaqudgha.
             Slain by an unseen horror (9 damage)
             ... on level 6 of the Dungeon.
             The game lasted 00:46:19 (5210 turns).

Jeuin the Scholar of Death (Human Necromancer)      Turns: 5210, Time: 00:46:20

Health: -1/67      AC:  5    Str:  9    XL:     9   Next: 26%
Magic:  2/15       EV: 19    Int: 18    God:    Kikubaaqudgha [*.....]
Gold:   277        SH:  0    Dex: 15    Spells: 6/16 levels left

rFire   + . .        o - +4 sling of Checkmate {speed, rPois rN+}
rCold   + . .        (no shield)
rNeg    + . .        C - +1 robe {rC+ rF+}
rPois   +            (no helmet)
rElec   .            s - +0 cloak
rCorr   .            d - +0 pair of gloves
SInv    .            (no boots)
Will    .....        e - amulet of regeneration
Stlth   ++           i - +5 ring of evasion
HPRegen 1.11/turn    (no ring)
MPRegen 0.14/turn

%: no passive effects
@: animating dead
A: no striking features
a: Renounce Religion, Unearth Wretches


You were on level 6 of the Dungeon.
You worshipped Kikubaaqudgha.
Kikubaaqudgha was aware of your devotion.
You visited 2 branches of the dungeon, and saw 7 of its levels.

You collected 313 gold pieces.
You spent 36 gold pieces at shops.

Inventory:

Hand Weapons
 o - the +4 sling of Checkmate (weapon) {speed, rPois rN+}
   (You found it on level 2 of the Dungeon)

   rPois:     It protects you from poison.
   rN:        It protects you from negative energy.
 D - a +3 short sword of speed
Missiles
 q - 48 stones
Armour
 d - a +0 pair of gloves (worn)
 s - a +0 cloak (worn)
 C - a +1 robe of resistance (worn)
Magical Staves
 k - a staff of poison
Jewellery
 e - an amulet of regeneration (around neck)
 i - a +5 ring of evasion (left hand)
Wands
 y - a wand of quicksilver (17)
 B - a wand of flame (17)
 G - a wand of roots (9)
Scrolls
 g - 2 scrolls of enchant weapon {unknown}
 h - 2 scrolls of amnesia {unknown}
 j - 5 scrolls of teleportation {unknown}
 l - a scroll of blinking {unknown}
 r - 3 scrolls of identify {unknown}
 t - a scroll of fog {unknown}
 w - a scroll of brand weapon {unknown}
 x - 3 scrolls of fear {unknown}
 F - a scroll of summoning {unknown}
Potions
 a - 4 potions of heal wounds {unknown}
 b - 2 potions of magic
 c - 4 potions of attraction {unknown}
 f - 3 potions of flight {unknown}
 m - a potion of might {unknown}
 n - a potion of lignification {unknown}
 p - a potion of berserk rage {unknown}
 u - 7 potions of curing
 v - a potion of brilliance {unknown}
 z - a potion of degeneration {unknown}
 A - a potion of haste {unknown}
 E - 2 potions of invisibility {unknown}


   Skills:
 * Level 4.8 Fighting
 + Level 1.1 Staves
 + Level 5.8 Ranged Weapons
 + Level 1.1 Armour
 * Level 4.7 Dodging
 + Level 2.3 Stealth
 * Level 4.3 Spellcasting
 * Level 6.1 Necromancy


You had 6 spell levels left.
You knew the following spells:

 Your Spells              Type           Power      Damage    Failure   Level
a - Necrotise             Necr           100%       1d9       1%          1
b - Call Imp              Summ           8%         N/A       22%         2
c - Vampiric Draining     Necr           25%        2d7       3%          3
d - Animate Dead          Necr           25%        N/A       12%         4

Your spell library contained the following spells:

 Spells                   Type           Power      Damage    Failure   Level
 Sublimation of Blood     Necr           25%        N/A       1%          2
 Kiss of Death            Conj/Necr      56%        2d9       4%          1
 Cigotuvi's Dreadful Rot  Necr/Pois/Air  22%        N/A       10%         2
 Magic Dart               Conj           12%        1d3       14%         1
 Agony                    Necr           25%        N/A       32%         5
 Mephitic Cloud           Conj/Pois/Air  3%         N/A       41%         3
 Ozocubu's Armour         Ice            3%         N/A       41%         3
 Portal Projectile        Hex/Tloc       6%         N/A       41%         3
 Stone Arrow              Conj/Erth      6%         3d7       41%         3
 Tukima's Dance           Hex            3%         N/A       41%         3
 Animate Armour           Summ/Erth      6%         N/A       80%         4
 Blade Hands              Tmut           1%         N/A       99%         5
 Ozocubu's Refrigeration  Ice            1%         4d7       100%        7
 Lehudib's Crystal Spear  Conj/Erth      1%         10d2      100%        8


Dungeon Overview and Level Annotations

Branches:
Dungeon (6/15)             Temple (1/1) D:4

Altars:
Ashenzari
Cheibriados
Dithmenos
Gozag
Hepliaklqana
Kikubaaqudgha
Makhleb
Nemelex Xobeh
Okawaru
Qazlal
Sif Muna
Trog
Uskayaw
Vehumet
Wu Jian
Xom
Yredelemnul
Zin
The Shining One

Shops:
D:3 !

Annotations:
D:6 ojifijod's ghost, weakling DrDe


Message History

Confirm with . or Enter, or press ? or * to list all spells.
Okay, then.
Casting: Animate Dead (dangerous; 12% risk of failure)
Confirm with . or Enter, or press ? or * to list all spells.
You can't see any susceptible monsters within range! (Use Z to cast anyway.)
Casting: Animate Dead (dangerous; 12% risk of failure)
Confirm with . or Enter, or press ? or * to list all spells.
You don't know that spell.
Casting: Animate Dead (dangerous; 12% risk of failure)
Confirm with . or Enter, or press ? or * to list all spells.
You can't see any susceptible monsters within range! (Use Z to cast anyway.)
You shoot a sling bullet. Something hits you!
You shoot a sling bullet.
The sling bullet barely misses ojifijod's ghost.
The sling bullet hits the ice beast.
The ice beast is moderately wounded.
Something hits you but does no damage. Something hits you.
You shoot a sling bullet. Something hits you but does no damage.
You shoot a sling bullet. Something hits you but does no damage.
You shoot a sling bullet. Something barely misses you. Something hits you!
* * * LOW HITPOINT WARNING * * *
You are too injured to fight recklessly!
You are too injured to fight recklessly!
Something closely misses you.
Ojifijod's ghost grins evilly.
Casting: Animate Dead (dangerous; 12% risk of failure)
Confirm with . or Enter, or press ? or * to list all spells.
You can't see any susceptible monsters within range! (Use Z to cast anyway.) Unknown command.
Something hits you.
* * * LOW HITPOINT WARNING * * *
Something hits you but does no damage. Something hits you.
* * * LOW HITPOINT WARNING * * *
Something hits you.
* * * LOW HITPOINT WARNING * * *
Kikubaaqudgha calls piteous wretches from the earth!
A killer bee, a goblin and a water moccasin come into view.
Something hits you but does no damage. Something hits you!
You die...
Kikubaaqudgha rasps: "You have failed me!
Welcome... death!"

##.###Z#._.#.###.##
#####...##..Z....#....Z
.........##.....#######
#####...####...##
####.....###########
....................#
.############.#####.#
...######## #.# #.#
...>.yS@.g#####.#####.#
#########W#.........#.#
##∩8∩8∩###.#.###.###...##
#∩$$....##Y#.............
#8$$8.$8##o#.###.###..###
#.$!_...#.........##..#
##$$$$$###........##).#
###''o##..............#
#.........##.####.##.##


You could see a water moccasin (wandering, paralysed), a killer bee (wandering,
paralysed), ojifijod's ghost and a goblin (paralysed).

Vanquished Creatures
  The ghost of Cheops the Cutter, an amateur AtEE (D:4)
  A steam dragon (D:6)
  Duvessa (D:4)
  2 black bears
  An ice beast (D:5)
  2 ogres
  A centaur (D:5)
  A phantom (D:5)
  A bullfrog (D:4)
  3 scorpions
  Dowan (D:4)
  A hound (D:5)
  3 jellies
  3 iguanas
  A sleepcap (D:6)
  Natasha (thrice) (D:3)
  Robin (D:4)
  A gnoll (D:3)
  A river rat (D:4)
  8 adders
  An ufetubus (D:4)
  A worm (D:2)
  9 orcs
  6 endoplasms
  5 giant cockroaches
  8 goblins
  9 hobgoblins
  3 kobolds
  3 quokkas
  11 ball pythons
  5 bats
  3 frilled lizards
  5 rats
  A rat zombie (D:5)
  A spectral goblin (D:3)
108 creatures vanquished.

Vanquished Creatures (collateral kills)
  A hobgoblin (D:1)
1 creature vanquished.

Grand Total: 109 creatures vanquished

Notes
Turn   | Place    | Note
-------+----------+-------------------------------------------
     0 | D:1      | Jeuin the Human Necromancer began the quest for the Orb.
     0 | D:1      | Reached XP level 1. HP: 13/13 MP: 3/3
   142 | D:1      | Reached XP level 2. HP: 19/19 MP: 3/5
   648 | D:1      | Learned a level 2 spell: Call Imp
  1064 | D:2      | Reached skill level 1 in Staves
  1064 | D:2      | Reached XP level 3. HP: 25/25 MP: 6/6
  1065 | D:2      | Identified the +4 sling of Checkmate {speed, rPois rN+}
  1103 | D:2      | Learned a level 3 spell: Vampiric Draining
  1237 | D:2      | Reached skill level 1 in Fighting
  1237 | D:2      | Reached XP level 4. HP: 32/32 MP: 7/7
  1395 | D:3      | Found a faded altar of an unknown god.
  1427 | D:3      | Noticed Natasha
  1444 | D:3      | Killed Natasha
  1445 | D:3      | Reached skill level 1 in Ranged Weapons
  1641 | D:3      | Noticed Natasha
  1646 | D:3      | Killed Natasha
  1647 | D:3      | Reached XP level 5. HP: 22/37 MP: 4/8
  1838 | D:3      | Found a hide-covered altar of Uskayaw.
  1841 | D:3      | Found an opulent altar of Gozag.
  1934 | D:3      | Noticed Natasha
  1937 | D:3      | Killed Natasha
  1961 | D:3      | Found Hakokonk's Distillery.
  1967 | D:3      | Bought a potion of curing for 36 gold pieces
  2444 | D:4      | Found a runed translucent door.
  2448 | D:4      | Noticed a bullfrog
  2459 | D:4      | Reached XP level 6. HP: 44/44 MP: 9/9
  2464 | D:4      | Noticed Cheops's ghost (amateur AtEE)
  2473 | D:4      | Reached skill level 1 in Armour
  2490 | D:4      | Killed Cheops's ghost
  2491 | D:4      | Reached skill level 5 in Necromancy
  2491 | D:4      | Reached XP level 7. HP: 50/51 MP: 11/11
  2497 | D:4      | Found a runed translucent door.
  2510 | D:4      | Found a staircase to the Ecumenical Temple.
  2542 | Temple   | Entered the Ecumenical Temple
  2583 | Temple   | Became a worshipper of Kikubaaqudgha
  2627 | D:4      | Noticed Robin
  2657 | D:4      | Killed Robin
  3020 | D:4      | Noticed Duvessa
  3021 | D:4      | Noticed Dowan
  3042 | D:4      | Killed Duvessa
  3070 | D:4      | Killed Dowan
  3616 | D:5      | Entered Level 5 of the Dungeon
  3657 | D:5      | Reached XP level 8. HP: 56/58 MP: 12/12
  4166 | D:5      | Reached skill level 5 in Ranged Weapons
  4221 | D:5      | Found a bloodstained altar of Trog.
  4404 | D:5      | Reached * piety under Kikubaaqudgha
  4404 | D:5      | Received a gift from Kikubaaqudgha
  4420 | D:5      | Learned a level 4 spell: Animate Dead
  4862 | D:6      | Reached XP level 9. HP: 66/66 MP: 14/14
  4911 | D:6      | Found a shadowy altar of Dithmenos.
  5072 | D:6      | Reached skill level 6 in Necromancy
  5134 | D:6      | Found a runed translucent gate.
  5134 | D:6      | Found a runed translucent gate.
  5138 | D:6      | Found a runed translucent gate.
  5145 | D:6      | Found an opulent altar of Gozag.
  5174 | D:6      | Noticed ojifijod's ghost (weakling DrDe)
  5210 | D:6      | Slain by an unseen horror

Illustrated notes

Levels and vault maps discovered:
D:1:      heliophobic_arrival_battle_scene, layout_basic
D:2:      layout_basic
D:3:      minmay_chambers_of_threes, layout_basic,
          chequers_temple_overflow_statue_of_worship,
          dreamdust_ecumenical_altar_drowned_temple, serial_shops, shop,
          minmay_misc_feat_doors, uniq_natasha
D:4:      layout_loops_corners, minmay_temple_entry_mini_moons,
          ebering_ghost_sewer_f, serial_bayou_lagoon_a, st_stairs_13,
          uniq_duvessa, uniq_robin
D:5:      layout_loops_corners, amcnicky_altar_gilded, enter_ossuary_3,
          chequers_jeans
D:6:      wander_guarded_unrand_ratskin, layout_loops_ring,
          nicolae_dithmenos_through_a_glass_darkly, ebering_ghost_gozag
Temple:   minmay_freezing_vapour_temple

Skill      XL: |  1  2  3  4  5  6  7  8  9 |
---------------+----------------------------+-----
Staves         | 1 |  1.1
Fighting       | 1 2 3 4 |  4.8
Ranged Weapons | 1 2 4 5 |  5.8
Armour         | 1 |  1.1
Dodging        | 3 4 |  4.7
Necromancy     | 5 6 |  6.1
Spellcasting   | 3 4 |  4.3
Stealth        | |  2.3

Action                     |  1- 3 |  4- 6 |  7- 9 || total
---------------------------+-------+-------+-------++-------
  Melee: Whip              |    18 |       |       ||    18
         Staff             |   114 |       |       ||   114
         Punch             |     1 |       |       ||     1
   Fire: Sling             |    18 |   118 |   253 ||   389
   Cast: Necrotise         |    17 |       |    22 ||    39
         Call Imp          |     2 |       |       ||     2
         Vampiric Draining |       |     1 |     5 ||     6
         Animate Dead      |       |       |    10 ||    10
 Invoke: Unearth Wretches  |       |       |     1 ||     1
   Stab: Sleeping          |     7 |       |       ||     7
 Armour: Robe              |    10 |       |    32 ||    42
         Leather armour    |    27 |    12 |    14 ||    53
  Dodge: Dodged            |   139 |    47 |   129 ||   315
